 Dungeon Crawl Stone Soup version 0.28-a0-630-g0357d9c091 (webtiles) character file.

Game seed: 9764703546300583508

2 Ijustatesigmund the Magician (level 1, 0/20 HPs)
             Began as a Gnoll Wanderer on Oct 9, 2021.
             Slain by a jackal (2 damage)
             ... on level 1 of the Dungeon.
             The game lasted 00:00:38 (167 turns).

Ijustatesigmund the Magician (Gnoll Wanderer)        Turns: 167, Time: 00:00:39

Health: 0/20       AC:  2    Str: 10    XL:     1   Next: 40%
Magic:  6/6        EV:  8    Int: 10    God:
Gold:   0          SH:  8    Dex: 13    Spells: 8/9 levels left

rFire   . . .      SeeInvis .   a - +0 dagger
rCold   . . .      Faith    .   d - +0 kite shield
rNeg    . . .      Spirit   .   c - +0 robe
rPois   .          Reflect  .   (no helmet)
rElec   .          Harm     .   (no cloak)
rCorr   .          Rampage  .   (no gloves)
Will    .....                   (no boots)
Stlth   ++........              (no amulet)
HPRegen 0.06/turn               (no ring)
MPRegen 0.10/turn               (no ring)

@: no status effects
A: fangs 1, strong nose, distributed training
a: no special abilities


You were on level 1 of the Dungeon.
You visited 1 branch of the dungeon, and saw 1 of its levels.

Inventory:

Hand Weapons
 a - a +0 dagger (weapon)
Armour
 c - a +0 robe (worn)
 d - a +0 kite shield (worn)
Scrolls
 e - a scroll of identify {unknown}
Potions
 b - a potion of curing


   Skills:
 + Level 4.4 Fighting
 + Level 0.0 Short Blades
 + Level 0.0 Long Blades
 + Level 0.0 Axes
 + Level 0.0 Maces & Flails
 + Level 0.0 Polearms
 + Level 0.0 Staves
 + Level 0.0 Slings
 + Level 0.0 Bows
 + Level 0.0 Crossbows
 + Level 2.3 Throwing
 + Level 0.0 Armour
 + Level 0.0 Dodging
 + Level 4.0 Stealth
 + Level 2.3 Shields
 + Level 2.3 Unarmed Combat
 + Level 4.8 Spellcasting
 + Level 0.0 Conjurations
 + Level 0.0 Hexes
 + Level 0.0 Summonings
 + Level 0.0 Necromancy
 + Level 0.0 Translocations
 + Level 0.0 Transmutations
 + Level 0.0 Fire Magic
 + Level 0.0 Ice Magic
 + Level 0.0 Air Magic
 + Level 0.0 Earth Magic
 + Level 1.9 Poison Magic
 + Level 0.1 Invocations
 + Level 0.0 Evocations


You had 8 spell levels left.
You knew the following spells:

 Your Spells              Type           Power      Damage    Failure   Level
a - Summon Small Mammal   Summ           8%         N/A       75%         1

Your spell library contained the following spells:

 Spells                   Type           Power      Damage    Failure   Level
 Call Canine Familiar     Summ           2%         N/A       98%         3


Dungeon Overview and Level Annotations

Branches:
Dungeon (1/15)

Altars:


Innate Abilities, Weirdness & Mutations

You have very sharp teeth.
Your uncanny sense of smell can sniff out nearby items.
Your experience applies equally to all skills.


Message History

You barely miss the jackal. You block the jackal's attack.
You barely miss the jackal. You block the bat's attack.
You block the jackal's attack.
You hit the jackal but do no damage. The bat closely misses you.
The jackal barely misses you.
The jackal bites you but does no damage.
You closely miss the jackal. The bat completely misses you.
The jackal bites you but does no damage.
You block the jackal's attack. x2
You hit the jackal but do no damage. The jackal bites you. x3
* * * LOW HITPOINT WARNING * * *
You hit the jackal.
The jackal is severely wounded.
The jackal bites you.
* * * LOW HITPOINT WARNING * * *
The jackal barely misses you. x2
The jackal bites you but does no damage.
You hit the jackal but do no damage.
The jackal is severely wounded.
The jackal bites you but does no damage.
The jackal barely misses you. You block the jackal's attack.
You hit the jackal but do no damage.
The jackal is severely wounded.
The jackal bites you.
* * * LOW HITPOINT WARNING * * *
The jackal barely misses you. x2; The jackal bites you.
* * * LOW HITPOINT WARNING * * *
You barely miss the jackal.
The jackal is severely wounded.
You block the jackal's attack. The jackal barely misses you.
The jackal bites you.
* * * LOW HITPOINT WARNING * * *
You hit the jackal.
You kill the jackal!
You block the jackal's attack. x2; The jackal bites you.
* * * LOW HITPOINT WARNING * * *
You hit the jackal.
The jackal is moderately wounded.
The jackal bites you.
You die...

..). . #+#... .####.#...
......#... ......#...
#######
......#...##.....###
......# #.K....hK.#
......####.#.###h#.#
#....Kh........#@#.######
#............#.#.h......#
#.........####.#........#
###........... +....)...#
##..######## #........#
....# #........# ####.#
####........### #>.
............... #.
...........####


You could see 3 jackals and a kobold.

Vanquished Creatures
  A goblin (D:1)
  A jackal (D:1)
2 creatures vanquished.

Notes
Turn   | Place    | Note
-------+----------+-------------------------------------------
     0 | D:1      | Ijustatesigmund the Gnoll Wanderer began the quest for the
                  | Orb.
     0 | D:1      | Ijustatesigmund set off with the following items: a +0
                  | dagger, a potion of curing, a +0 robe, a +0 kite shield;
                  | and the following spell memorised: Summon Small Mammal; and
                  | the following spells available to memorise: Call Canine
                  | Familiar
     0 | D:1      | Reached XP level 1. HP: 20/20 MP: 6/6
   167 | D:1      | Slain by a jackal

Illustrated notes

Levels and vault maps discovered:
D:1:      tarquinn_simple_flora_water_c, layout_basic

Action                   || total
-------------------------++-------
Melee: Dagger            ||    20
       Bite              ||     2
Armor: Robe              ||    13
Dodge: Dodged            ||    18
Block: Kite shield       ||    20

Table legend: (Time is in decaauts)
 A = Elapsed time spent in this place.
 B = Non-inter-level travel time spent in this place.
 C = Inter-level travel time spent in this place.
 D = Time resting spent in this place.
 E = Time spent auto-exploring this place.
 F = Levels seen in this place.
 G = Mean time per level.
                   A        B        C        D        E       F      G
               +--------+--------+--------+--------+--------+-----+--------+
         Total |    172 |    172 |      0 |     95 |     22 |   1 |  172.0 |
       Dungeon |    172 |    172 |      0 |     95 |     22 |   1 |  172.0 |
               +--------+--------+--------+--------+--------+-----+--------+

Top non-repeatable levels by time:
     D:1: 172 daAuts
